 Dungeon Crawl Stone Soup version 0.20.0-10-g0535bb4 (webtiles) character file.

3341 HeyBub the Twirler (level 9, 0/88 HPs)
             Began as a Troll Chaos Knight on June 3, 2017.
             Slain by a hound (3 damage)
             ... on level 8 of the Dungeon.
             The game lasted 00:11:58 (5608 turns).

HeyBub the Twirler (Troll Chaos Knight)             Turns: 5608, Time: 00:11:59

Health: 0/88       AC:  7    Str: 23 (26) XL:     9   Next: 72%
Magic:  8/8        EV: 11    Int:  6 (8)  God:    Xom [.*....]
Gold:   472        SH:  0    Dex:  8 (11) Spells: 8/8 levels left

rFire    . . .     SeeInvis .   h - +3 quarterstaff (protect)
rCold    . . .     Gourm    +   (shield currently unavailable)
rNeg     . . .     Faith    +   l - +2 robe {MR+}
rPois    .         Spirit   .   (helmet restricted)
rElec    .         Reflect  .   (no cloak)
rCorr    .         Harm     .   (gloves unavailable)
MR       +....     Clarity  +   (boots unavailable)
Stlth    ..........             r - amulet of faith
Regen    0.7/turn               g - +3 ring of strength
MPRegen  0.2/turn               e - ring of loudness (curse)

@: lethally poisoned (0 -> -7), slowed, very slow
A: unfitting armour, claws 3, clarity, fast metabolism 3, gourmand, regeneration
1, shaggy fur 1, tough skin 2
a: Renounce Religion


You were on level 8 of the Dungeon.
You worshipped Xom.
You were a plaything of Xom.
You were near starving.

You visited 1 branch of the dungeon, and saw 8 of its levels.

You collected 472 gold pieces.

Inventory:

Hand Weapons
 h - a +3 quarterstaff of protection (weapon)
Missiles
 i - 7 needles of paralysis
Armour
 a - a +2 robe
 l - a +2 robe of magic resistance (worn)
Jewellery
 e - a cursed ring of loudness (right claw)
 g - a +3 ring of strength (left claw)
 k - an uncursed ring of poison resistance
 m - an uncursed ring of see invisible
 r - an amulet of faith (around neck)
Wands
 j - a wand of iceblast (6/15)
Scrolls
 c - 8 scrolls of identify
 d - 2 scrolls of enchant armour
 f - 2 scrolls of remove curse
 s - a scroll of teleportation
Potions
 p - 2 potions of brilliance
Books
 n - a book of Air

   Spells                             Type                      Level
   a - Shock                          Conjuration/Air              1
   b - Swiftness                      Charms/Air                   2
   c - Static Discharge               Conjuration/Air              3
   d - Airstrike                      Air                          4
   e - Lightning Bolt                 Conjuration/Air              5
 t - a book of Geomancy

   Spells                             Type                      Level
   a - Sandblast                      Earth                        1
   b - Passwall                       Transmutation/Earth          2
   c - Stone Arrow                    Conjuration/Earth            3
   d - Petrify                        Transmutation/Earth          4
   e - Lee's Rapid Deconstruction     Earth                        5
Comestibles
 b - 4 bread rations
 v - 3 meat rations


   Skills:
 + Level 5.2 Fighting
 + Level 7.1 Staves
 + Level 5.7 Dodging
 + Level 1.2 Stealth
 - Level 6.8 Unarmed Combat


You had 8 spell levels left.
You didn't know any spells.

Dungeon Overview and Level Annotations

Branches:
Dungeon (8/15)             Temple (0/1) D:5
   Lair: D:8-11

Altars:
Ashenzari
Cheibriados
Dithmenos
Fedhas
Nemelex Xobeh
Ru
Sif Muna
The Shining One

Shops:
D:6 [


Innate Abilities, Weirdness & Mutations

You are too large for most types of armour.
You have claws for hands.
Your metabolism is lightning-fast.
You like to eat raw meat.
Your natural rate of healing is unusually fast.
You are covered in fur. (AC +1)
You have very tough skin. (AC +2)
You possess an exceptional clarity of mind.


Message History

The hound misses you.
The howler monkey hits you but does no damage.
The hound misses you. The howler monkey closely misses you.
You feel very sick. The worker ant closely misses you.
The worker ant bites you but does no damage.
The hound bites you.
* * * LOW HITPOINT WARNING * * *
You feel very sick. The howler monkey hits you.
* * * LOW HITPOINT WARNING * * *
The hound bites you but does no damage. The howler monkey hits you.
* * * LOW HITPOINT WARNING * * *
The worker ant bites you but does no damage.
Found a royal jelly.
* * * LOW HITPOINT WARNING * * *
You feel very sick. The hound bites you.
You die...
Xom titters!

<,,,,................,,,,,,,,,,,*
,,,,,................,,,,,,,,,,,*
,,,,,................,,,,,*,***,*
,,,,,...........#....,,,,,,,,,,,*
,,,,,........<.......,,,,,,,,,***
,,,,,.........#######**,,,,,,,* *
,,,,,..........h....#*,,,,,,*****
**,,,........Vyh.#...,,,,,,,**,,,
***,,......##.a#@#,,,,,****,**,**
,,,,,..........#.#,,,,,,,,,,,,,,,
,,,,,....#.###.#%.,,**,***,,,,,*,
,,,,,[##.#.* #.####*****,,,,,####
,,,,,,*#,*,* #..******,,,,,###<.>
,,,,,,,,,,,* #..,,**,,,,,###.#...
**,,,,,,,****#..*,,,,,,###...#...
**,,,,,,,,,,,,,,,,,,,###...⌠.#...
*,,,,,,,*******,,,,###.......#...


You could see a hornet, a vampire, a howler monkey and a hound.

Vanquished Creatures
  Erica (D:8)
  A manticore (D:8)
  The ghost of grandjackal the Charmwright, a novice DsSk (D:6)
  A hippogriff (D:7)
  Sigmund (D:3)
  The ghost of Akrius the Chopper, an amateur HOAK of Lugonu (D:3)
  A yak (D:8)
  A water moccasin (D:7)
  An ice beast (D:7)
  2 sky beasts
  An orc warrior (D:7)
  2 phantoms
  A centaur (D:5)
  2 ogres
  3 bullfrogs
  A scorpion (D:6)
  A crimson imp (D:5)
  2 hounds (D:4)
  A jelly (D:6)
  6 orc priests
  7 orc wizards
  2 bullfrog skeletons
  3 worker ants
  A worker ant zombie (D:7)
  10 adders
  3 shadow imps
  An adder skeleton (D:6)
  4 worms
  A dart slug (D:1)
  A leopard gecko (D:5)
  26 orcs
  2 ball pythons
  10 bats
  2 giant cockroaches
  2 goblins
  8 hobgoblins
  12 jackals
  5 quokkas
  4 frilled lizards
  6 kobolds
  A leopard gecko zombie (D:7)
  8 rats
150 creatures vanquished.

Vanquished Creatures (collateral kills)
  An ice beast (D:7)
1 creature vanquished.

Grand Total: 151 creatures vanquished

Notes
Turn   | Place    | Note
-------+----------+-------------------------------------------
     0 | D:1      | HeyBub the Troll Chaos Knight began the quest for the Orb.
     0 | D:1      | Reached XP level 1. HP: 22/22 MP: 0/0
    80 | D:1      | XOM: divination: detect items
   266 | D:1      | XOM: divination: detect creatures
   273 | D:1      | XOM: cast spell 'Alistair's Intoxication'
   281 | D:1      | Reached XP level 2. HP: 25/29 MP: 1/1
   301 | D:1      | XOM: cloud trail
   788 | D:2      | XOM: harmless Fire miscast
   856 | D:2      | XOM: cloud trail
   888 | D:2      | Reached XP level 3. HP: 36/36 MP: 2/2
  1008 | D:2      | XOM: butterfly on damage
  1010 | D:2      | XOM: smoke on damage
  1173 | D:2      | XOM: god gift: 7 needles of paralysis
  1201 | D:2      | Found a shadowy altar of Dithmenos.
  1393 | D:3      | Noticed Sigmund
  1394 | D:3      | XOM: confuse monster(s)
  1411 | D:3      | Killed Sigmund
  1411 | D:3      | Reached skill level 5 in Unarmed Combat
  1411 | D:3      | Reached XP level 4. HP: 14/45 MP: 3/3
  1411 | D:3      | Reached XP level 5. HP: 17/53 MP: 4/4
  1416 | D:3      | XOM: noise
  1488 | D:3      | Noticed Akrius's ghost (amateur HOAK)
  1501 | D:3      | XOM: summons friendly crimson imp
  1526 | D:3      | Killed Akrius's ghost
  1526 | D:3      | Reached XP level 6. HP: 29/61 MP: 5/5
  1535 | D:3      | XOM: silly message
  1869 | D:3      | XOM: butterfly on damage
  1928 | D:3      | XOM: enchant monster (bad)
  1989 | D:3      | XOM: harmless Summ miscast
  2044 | D:4      | Reached XP level 7. HP: 61/68 MP: 6/6
  2080 | D:4      | XOM: potion effect (brilliance)
  2095 | D:4      | Reached skill level 1 in Stealth
  2120 | D:4      | XOM: confuse monster(s)
  2347 | D:4      | XOM: blink monster(s)
  2461 | D:4      | XOM: mild Summ miscast
  2568 | D:4      | XOM: summons 3 hostile demons
  2569 | D:4      | Noticed a smoke demon
  2569 | D:4      | Noticed a red devil
  2607 | D:4      | HP: 4/102 [something (9)]
  2791 | D:4      | XOM: harmless Fire miscast
  2887 | D:5      | Entered Level 5 of the Dungeon
  2966 | D:5      | Reached skill level 1 in Staves
  3004 | D:5      | Found a staircase to the Ecumenical Temple.
  3005 | D:5      | XOM: mild Tloc miscast
  3009 | D:5      | XOM: 4-stop teleportation journey
  3089 | D:5      | Found a deep blue altar of Sif Muna.
  3096 | D:5      | Found a sacrificial altar of Ru.
  3170 | D:5      | XOM: divination: magic mapping
  3177 | D:5      | XOM: divination: detect creatures
  3179 | D:5      | XOM: confuse monster(s)
  3199 | D:5      | XOM: harmless Ice miscast
  3261 | D:5      | XOM: harmless Tloc miscast
  3278 | D:5      | Reached skill level 2 in Staves
  3278 | D:5      | Reached XP level 8. HP: 67/78 MP: 7/7
  3278 | D:5      | XOM: potion effect (might)
  3475 | D:5      | Found a shattered altar of Ashenzari.
  3585 | D:6      | Noticed grandjackal's ghost (novice DsSk)
  3599 | D:6      | XOM: divination: detect creatures
  3600 | D:6      | XOM: harmless Tloc miscast
  3619 | D:6      | Killed grandjackal's ghost
  3619 | D:6      | Reached skill level 3 in Staves
  3805 | D:6      | Reached skill level 4 in Staves
  3842 | D:6      | Gained mutation: You possess an exceptional clarity of mind. [mutagenic meat]
  3949 | D:6      | XOM: cloud trail
  4095 | D:6      | Found Jaostie's Armour Shop.
  4231 | D:7      | Reached skill level 5 in Staves
  4256 | D:7      | Reached XP level 9. HP: 50/84 MP: 8/8
  4286 | D:7      | XOM: mild Ice miscast
  4312 | D:7      | XOM: silly message
  4341 | D:7      | XOM: god gift: peridot ring {god gift}
  4355 | D:7      | HP: 2/85 [orc warrior/trident (18)]
  4360 | D:7      | XOM: mild Ice miscast
  4390 | D:7      | XOM: mild Air miscast
  4491 | D:7      | XOM: enchant monster (bad)
  4515 | D:7      | XOM: silly message
  4517 | D:7      | XOM: summons 2 friendly demons
  4521 | D:7      | Reached skill level 5 in Dodging
  4544 | D:7      | XOM: harmless Tloc miscast
  4551 | D:7      | Reached skill level 6 in Staves
  4586 | D:7      | XOM: harmless Chrm miscast
  4634 | D:7      | XOM: harmless Tloc miscast
  4792 | D:7      | Found a flagged portal.
  5053 | D:7      | Found a glowing golden altar of the Shining One.
  5055 | D:7      | XOM: medium Hex miscast
  5056 | D:7      | Found a blossoming altar of Fedhas.
  5059 | D:7      | Found a snail-covered altar of Cheibriados.
  5070 | D:7      | Found a sparkling altar of Nemelex Xobeh.
  5089 | D:7      | XOM: 3-stop teleportation journey
  5346 | D:7      | XOM: harmless Necr miscast
  5421 | D:8      | Noticed a manticore
  5421 | D:8      | Noticed Erica
  5429 | D:8      | Reached skill level 5 in Fighting
  5431 | D:8      | Killed Erica
  5433 | D:8      | XOM: summons friendly ufetubus
  5437 | D:8      | XOM: confuse monster(s)
  5441 | D:8      | Killed a manticore
  5441 | D:8      | Reached skill level 7 in Staves
  5608 | D:8      | HP: 3/88 [poisoned by a hornet]
  5608 | D:8      | Slain by a hound

Skill      XL: |  1  2  3  4  5  6  7  8  9 |
---------------+----------------------------+-----
Dodging        | 2 3 4 5 |  5.7
Fighting       | 3 4 5 |  5.2
Unarmed Combat | 5 6 |  6.8
Stealth        | 1 |  1.2
Staves         | 2 5 7 |  7.1

Action                   |  1- 3 |  4- 6 |  7- 9 || total
-------------------------+-------+-------+-------++-------
Melee: Unarmed           |   104 |    86 |    36 ||   226
       Punch             |     3 |     1 |     1 ||     5
       Quarterstaff      |       |       |   348 ||   348
  Use: Scroll            |     1 |     6 |     8 ||    15
       Potion            |       |     1 |     7 ||     8
 Stab: Sleeping          |     1 |       |       ||     1
  Eat: Chunk             |     2 |     9 |    26 ||    37
       Bread ration      |     2 |       |       ||     2
       Fruit             |     1 |       |       ||     1
       Royal jelly       |       |       |     1 ||     1
Armor: Robe              |    58 |    32 |   246 ||   336
       Skin              |       |       |    15 ||    15
Dodge: Dodged            |    52 |    50 |   279 ||   381
